AoeStats
← AQAYZ

Arena

510763580Analyzed
4v4 RM · 1d ago on Oct 2, 2026· 38m 28s· 8 players
Game mode
Random Map
Map size
Large (8 player)
Population
200
Speed
Normal
Resources
Standard
Victory
Conquest
Starting age
Dark Age
Ending age
Imperial Age
RankedLock teamsTeams togetherTeam positionsShared explorationLock speedFull tech treeHidden civsTurbo modeCheats
Victory
Defeat
🇹🇼 Danes · Taiwan
1084
+14
🇨🇳 Huns · China
1032
+16
🇨🇳 Portuguese · China
1007
+17
🇭🇰 Vietnamese · Hong Kong SAR China
967
+19
🇹🇼 Varangians · Taiwan
1096
-20
🇹🇼 Japanese · Taiwan
1096
-19
🇨🇳 Chinese · China
964
-36
🇩🇪 Saracens · Germany
959
-13
Irisfu0425<3
fyerlang
11:10 Feudal Age
15:43 Castle Age
13:38 Double-Bit Axe
14:02 Loom
15:09 Horse Collar
17:09 Bow Saw
18:04 Heavy Plow
22:14 Wheelbarrow
23:17 Hand Cart
23:27 Gold Mining
23:36 Stone Mining
25:25 Gold Shaft Mining
29:48 Imperial Age
27:10 Town Watch
27:35 Scale Barding Armor
29:04 Bloodlines
28:57 Husbandry
30:05 Fletching
30:36 Chain Barding Armor
30:27 Forging
30:51 Marauders
32:03 Conscription
31:30 Elite Tarkan
32:59 Plate Barding Armor
33:00 Iron Casting
33:35 Padded Archer Armor
35:59 Elite Skirmisher
36:44 Imperial Skirmisher
37:57 Light Cavalry
38:45 Bodkin Arrow
39:08 Leather Archer Armor
39:55 Blast Furnace
apple58112327
1:01 Loom
10:59 Feudal Age
15:39 Castle Age
13:39 Double-Bit Axe
13:57 Horse Collar
14:57 Stone Mining
16:55 Bow Saw
20:34 Wheelbarrow
22:05 Arson
22:21 Squires
23:08 Forging
22:59 Scale Mail Armor
24:14 Iron Casting
26:12 Gold Mining
26:57 Stone Shaft Mining
28:17 Chain Mail Armor
27:52 Fletching
28:45 Hand Cart
29:23 Bodkin Arrow
35:21 Imperial Age
36:53 Conscription
36:48 Heavy Plow
36:32 Hamask
37:06 Gambesons
忒瑞
9:38 Feudal Age
14:34 Castle Age
13:03 Double-Bit Axe
13:16 Horse Collar
16:50 Loom
22:03 Town Watch
22:56 Wheelbarrow
23:05 Bow Saw
23:52 Fletching
23:47 Treadmill Crane
24:04 Murder Holes
24:25 Stone Mining
25:06 Bodkin Arrow
26:18 Ballistics
26:12 Masonry
26:13 Fortified Wall
27:29 Heavy Plow
27:01 Pikeman
32:06 Imperial Age
31:22 Forging
31:13 Scale Mail Armor
31:31 Town Patrol
31:47 Hand Cart
32:10 Stone Shaft Mining
31:26 Gold Mining
31:26 Arson
32:21 Ballistics
34:34 Two-Man Saw
34:15 Conscription
33:56 Arquebus
34:16 Bloodlines
34:07 Husbandry
33:28 Light Cavalry
34:55 Architecture
34:36 Scale Barding Armor
35:47 Iron Casting
35:33 Chain Barding Armor
36:17 Bracer
37:20 Blast Furnace
37:36 Plate Barding Armor
36:57 Elite Skirmisher
37:25 Capped Ram
37:49 Imperial Skirmisher
38:14 Halberdier
刘一手
16:11 Feudal Age
19:04 Wheelbarrow
19:21 Horse Collar
20:28 Double-Bit Axe
27:26 Castle Age
25:55 Padded Archer Armor
27:32 Stone Mining
AQAYZ
2:39 Loom
11:06 Feudal Age
14:55 Castle Age
13:31 Double-Bit Axe
20:38 Town Watch
21:34 Wheelbarrow
24:48 Gold Mining
24:43 Horse Collar
27:40 Imperial Age
28:12 Scale Barding Armor
28:19 Forging
28:45 Conscription
30:46 Gold Shaft Mining
30:23 Bow Saw
30:15 Heavy Plow
31:24 Chain Barding Armor
32:06 Bimaristan
33:32 Plate Barding Armor
34:08 Elite Mameluke
36:43 Iron Casting
台南人
2:34 Loom
10:46 Feudal Age
15:55 Castle Age
14:04 Double-Bit Axe
14:15 Horse Collar
21:28 Wheelbarrow
21:48 Town Watch
22:20 Stone Mining
23:19 Bow Saw
23:17 Heavy Plow
24:24 Forging
25:54 Scale Barding Armor
27:44 Iron Casting
29:22 Hand Cart
30:50 Chain Barding Armor
35:35 Imperial Age
34:00 Gold Mining
34:22 Fletching
harry841110
Connection lost

Rejoining the realm…

Still unreachable

The connection could not be restored.

Session expired

The server has moved on; the page needs a fresh start.